PAAA
TORTOLITA DRUMMERS @ BLOOMINGTON LONGNECKS
07/25/2031
 
TOP OF THE 1ST
Tortolita Drummers batting - Pitching for Bloomington Longnecks : RHP Pierre Levegh
Pitching: RHP Pierre Levegh
Batting: RHB Sean Godron 0-0: Foul Ball, location: 2F
0-1: Ball
1-1: Ball
2-1: SINGLE (Groundball, 6MD)
Batting: LHB Bernardo Elías 0-0: Ball
1-0: Ball
2-0: Fly out, F9 (Flyball, 9LSF)
Batting: LHB Steve Costillo 0-0: Ball
1-0: Foul Ball, location: 2F
1-1: Called Strike
1-2: Grounds into double play, 4-6-3 (Groundball, 4)
Top of the 1st over - 0 runs, 1 hit, 0 errors, 0 left on base; Tortolita 0 - Bloomington 0
BOTTOM OF THE 1ST
Bloomington Longnecks batting - Pitching for Tortolita Drummers : RHP Dave Seals
Pitching: RHP Dave Seals
Batting: LHB César Gómes 0-0: Fly out, F7 (Flyball, 78D)
Batting: LHB Keith Alexander 0-0: Swinging Strike
0-1: Ball
1-1: Ball
2-1: Ball
3-1: Ground out 6-3 (Groundball, 6S)
Batting: RHB Rob Gray 0-0: Foul Ball, location: 2F
0-1: Foul Ball, location: 2F
0-2: Ball
1-2: Ball
2-2: Ball
3-2: Strikes out looking
Bottom of the 1st over - 0 runs, 0 hits, 0 errors, 0 left on base; Tortolita 0 - Bloomington 0
TOP OF THE 2ND
Tortolita Drummers batting - Pitching for Bloomington Longnecks : RHP Pierre Levegh
Batting: RHB Rich Flannery 0-0: Called Strike
0-1: Swinging Strike
0-2: Strikes out swinging
Batting: RHB Alan Elder 0-0: Ball
1-0: Ball
2-0: Foul Ball, location: 2F
2-1: Foul Ball, location: 2F
2-2: Strikes out looking
Batting: RHB Ricardo Pacheco 0-0: Called Strike
0-1: SINGLE (Line Drive, 89S)
Batting: RHB Orlando Montoya 0-0: Called Strike
0-1: Ball
1-1: Ball
2-1: Ball
3-1: Foul Ball, location: 2F
3-2: Strikes out swinging
Top of the 2nd over - 0 runs, 1 hit, 0 errors, 1 left on base; Tortolita 0 - Bloomington 0
BOTTOM OF THE 2ND
Bloomington Longnecks batting - Pitching for Tortolita Drummers : RHP Dave Seals
Batting: LHB John Schaefer 0-0: Called Strike
0-1: Ball
1-1: Swinging Strike
1-2: Ball
2-2: Ball
3-2: Fly out, F8 (Flyball, 89D)
Batting: LHB Calvin Wilms 0-0: Called Strike
0-1: Ball
1-1: Fly out, F5 (Line Drive, 5)
Batting: RHB Carlos Cardona 0-0: Foul Ball, location: 2F
0-1: Ball
1-1: Swinging Strike
1-2: Hit by Pitch
Batting: RHB Chet Hollis 0-0: Ball
1-0: Ball
2-0: Ground out 1-3 (Groundball, 13S)
Bottom of the 2nd over - 0 runs, 0 hits, 0 errors, 1 left on base; Tortolita 0 - Bloomington 0
TOP OF THE 3RD
Tortolita Drummers batting - Pitching for Bloomington Longnecks : RHP Pierre Levegh
Batting: RHB Vincent Klein 0-0: Fly out, F9 (Flyball, 9LS)
Batting: RHB Santo Alba 0-0: Foul Ball, location: 2F
0-1: Called Strike
0-2: Ball
1-2: Ball
2-2: Ball
3-2: Foul Ball, location: 2F
3-2: DOUBLE (Line Drive, 7LM)
Batting: RHB Sean Godron 0-0: Called Strike
0-1: Ball
1-1: Swinging Strike
1-2: Ball
2-2: Ball
3-2: Strikes out looking
Batting: LHB Bernardo Elías 0-0: Ball
1-0: Swinging Strike
1-1: Ball
2-1: Fly out, F8 (Flyball, 8LM)
Top of the 3rd over - 0 runs, 1 hit, 0 errors, 1 left on base; Tortolita 0 - Bloomington 0
BOTTOM OF THE 3RD
Bloomington Longnecks batting - Pitching for Tortolita Drummers : RHP Dave Seals
Batting: RHB Ty Struck 0-0: Ball
1-0: Ground out 6-3 (Groundball, 6)
Batting: SHB Chris Williamson 0-0: Ball
1-0: Swinging Strike
1-1: Ball
2-1: Foul Ball, location: 2F
2-2: Foul Ball, location: 2F
2-2: Strikes out swinging
Batting: LHB César Gómes 0-0: Foul Ball, location: 2F
0-1: Ball
1-1: Swinging Strike
1-2: Fly out, F8 (Line Drive, 8LM)
Bottom of the 3rd over - 0 runs, 0 hits, 0 errors, 0 left on base; Tortolita 0 - Bloomington 0
TOP OF THE 4TH
Tortolita Drummers batting - Pitching for Bloomington Longnecks : RHP Pierre Levegh
Batting: LHB Steve Costillo 0-0: Ball
1-0: Ball
2-0: Ball
3-0: Called Strike
3-1: Base on Balls
Batting: RHB Rich Flannery 0-0: Called Strike
0-1: Ball
1-1: Foul Ball, location: 2F
1-2: Ball
2-2: 2-RUN HOME RUN (Flyball, 9LD), Distance : 348 ft
Batting: RHB Alan Elder 0-0: Called Strike
0-1: Foul Ball, location: 2F
0-2: SOLO HOME RUN (Flyball, 7D), Distance : 396 ft
Batting: RHB Ricardo Pacheco 0-0: Ball
1-0: Called Strike
1-1: Fly out, F9 (Line Drive, 9)
Batting: RHB Orlando Montoya 0-0: Swinging Strike
0-1: Fly out, F9 (Flyball, 9LMF)
Batting: RHB Vincent Klein 0-0: Ball
1-0: Called Strike
1-1: Ball
2-1: SINGLE (Groundball, 2R) (infield hit)
Batting: RHB Santo Alba 0-0: Ball
1-0: Ball
2-0: Foul Ball, location: 2F
2-1: Ground out 4-3 (Groundball, 34)
Top of the 4th over - 3 runs, 3 hits, 0 errors, 1 left on base; Tortolita 3 - Bloomington 0
BOTTOM OF THE 4TH
Bloomington Longnecks batting - Pitching for Tortolita Drummers : RHP Dave Seals
Batting: LHB Keith Alexander 0-0: Ball
1-0: Ball
2-0: Called Strike
2-1: Ball
3-1: Ground out 4-3 (Groundball, 6MS)
Batting: RHB Rob Gray 0-0: Ground out 5-3 (Groundball, 56)
Batting: LHB John Schaefer 0-0: Ball
1-0: Called Strike
1-1: Foul Ball, location: 2F
1-2: Foul Ball, location: 2F
1-2: Ball
2-2: Foul Ball, location: 2F
2-2: Foul Ball, location: 2F
2-2: Ball
3-2: Foul Ball, location: 2F
3-2: Base on Balls
Batting: LHB Calvin Wilms 0-0: Foul Ball, location: 2F
0-1: Swinging Strike
0-2: Foul Ball, location: 2F
0-2: Strikes out swinging
Bottom of the 4th over - 0 runs, 0 hits, 0 errors, 1 left on base; Tortolita 3 - Bloomington 0
TOP OF THE 5TH
Tortolita Drummers batting - Pitching for Bloomington Longnecks : RHP Pierre Levegh
Batting: RHB Sean Godron 0-0: Ball
1-0: Ball
2-0: Foul Ball, location: 2F
2-1: Foul Ball, location: 2F
2-2: Ball
3-2: Fly out, F8 (Flyball, 8LS)
Batting: LHB Bernardo Elías 0-0: Ball
1-0: Ball
2-0: Ball
3-0: Called Strike
3-1: Base on Balls
Batting: LHB Steve Costillo 0-0: Called Strike
0-1: Swinging Strike
0-2: Ball
1-2: Fly out, F3 (Line Drive, 3)
Batting: RHB Rich Flannery 0-0: Called Strike
0-1: Ball
1-1: Fielders Choice at 2nd, 6-4 (Groundball, 6)
Top of the 5th over - 0 runs, 0 hits, 0 errors, 1 left on base; Tortolita 3 - Bloomington 0
BOTTOM OF THE 5TH
Bloomington Longnecks batting - Pitching for Tortolita Drummers : RHP Dave Seals
Batting: RHB Carlos Cardona 0-0: Fly out, F5 (Popup, P)
Batting: RHB Chet Hollis 0-0: Swinging Strike
0-1: Called Strike
0-2: Ball
1-2: DOUBLE (Line Drive, 78D)
Batting: RHB Ty Struck 0-0: Ball
1-0: Swinging Strike
1-1: Called Strike
1-2: Foul Ball, location: 2F
1-2: Strikes out swinging
Batting: SHB Chris Williamson 0-0: Called Strike
0-1: Ball
1-1: Ball
2-1: SINGLE (Line Drive, 9S)
Chet Hollis to third
Runner from 3rd tries for Home, throw and OUT!
Bottom of the 5th over - 0 runs, 2 hits, 0 errors, 1 left on base; Tortolita 3 - Bloomington 0
TOP OF THE 6TH
Tortolita Drummers batting - Pitching for Bloomington Longnecks : RHP Pierre Levegh
Batting: RHB Alan Elder 0-0: Ball
1-0: Called Strike
1-1: Ball
2-1: Called Strike
2-2: Ball
3-2: Strikes out swinging, 2-3 out at first.
Pitching: LHP Anaías Pedroza
Batting: RHB Ricardo Pacheco 0-0: Ball
1-0: Foul Ball, location: 2F
1-1: Foul Ball, location: 2F
1-2: Fly out, F2 (Popup, 23F)
Batting: RHB Orlando Montoya 0-0: Ball
1-0: Swinging Strike
1-1: Ball
2-1: Called Strike
2-2: Fly out, F9 (Line Drive, 9S)
Top of the 6th over - 0 runs, 0 hits, 0 errors, 0 left on base; Tortolita 3 - Bloomington 0
BOTTOM OF THE 6TH
Bloomington Longnecks batting - Pitching for Tortolita Drummers : RHP Dave Seals
Batting: LHB César Gómes 0-0: Ball
1-0: Ball
2-0: Ball
3-0: Called Strike
3-1: Foul Ball, location: 2F
3-2: Foul Ball, location: 2F
3-2: Foul Ball, location: 2F
3-2: Foul Ball, location: 2F
3-2: Ground out 4-3 (Groundball, 4)
Batting: LHB Keith Alexander 0-0: Foul Ball, location: 2F
0-1: Foul Ball, location: 2F
0-2: Ball
1-2: Ball
2-2: Ball
3-2: Base on Balls
Batting: RHB Rob Gray 0-0: Called Strike
0-1: Swinging Strike
0-2: Ball
1-2: Strikes out looking
Batting: LHB John Schaefer 0-0: Ball
1-0: Called Strike
1-1: Ball
2-1: Called Strike
2-2: Foul Ball, location: 2F
2-2: Ball
3-2: Foul Ball, location: 2F
3-2: Foul Ball, location: 2F
3-2: Fly out, F8 (Flyball, 8RM)
Bottom of the 6th over - 0 runs, 0 hits, 0 errors, 1 left on base; Tortolita 3 - Bloomington 0
TOP OF THE 7TH
Tortolita Drummers batting - Pitching for Bloomington Longnecks : LHP Anaías Pedroza
Batting: RHB Vincent Klein 0-0: Ball
1-0: Called Strike
1-1: Ball
2-1: Foul Ball, location: 2F
2-2: Strikes out swinging
Batting: RHB Santo Alba 0-0: Ball
1-0: Ground out U3 (Groundball, 3)
Batting: RHB Sean Godron 0-0: Ball
1-0: Ball
2-0: SINGLE (Flyball, 89S)
Batting: LHB Bernardo Elías 0-0: Called Strike
Sean Godron steals 2nd base
0-1: Ball
1-1: Ball
2-1: Fly out, F7 (Flyball, 7S)
Top of the 7th over - 0 runs, 1 hit, 0 errors, 1 left on base; Tortolita 3 - Bloomington 0
BOTTOM OF THE 7TH
Bloomington Longnecks batting - Pitching for Tortolita Drummers : RHP Dave Seals
Pitching: RHP Pedro Figueroa
Batting: LHB Calvin Wilms 0-0: Called Strike
0-1: Foul Ball, location: 2F
0-2: SINGLE (Groundball, 6MD)
Batting: RHB Carlos Cardona 0-0: Called Strike
0-1: Foul Ball, location: 2F
0-2: Ball
1-2: Fly out, F5 (Popup, 56S)
Batting: RHB Chet Hollis 0-0: Foul Ball, location: 2F
0-1: Swinging Strike
0-2: Fly out, F9 (Flyball, 9D)
Batting: RHB Ty Struck 0-0: Fly out, F7 (Flyball, 78S)
Bottom of the 7th over - 0 runs, 1 hit, 0 errors, 1 left on base; Tortolita 3 - Bloomington 0
TOP OF THE 8TH
Tortolita Drummers batting - Pitching for Bloomington Longnecks : LHP Anaías Pedroza
Batting: LHB Steve Costillo 0-0: Ball
1-0: Swinging Strike
1-1: Swinging Strike
1-2: Ball
2-2: Strikes out looking
Batting: RHB Rich Flannery 0-0: SINGLE (Flyball, 6MD)
Batting: RHB Alan Elder 0-0: Foul Ball, location: 2F
0-1: DOUBLE (Flyball, 8LXD)
Rich Flannery to third
Batting: RHB Ricardo Pacheco 0-0: Intentional Walk
Pinch Hitting: RHB Eisse Cals 0-0: Called Strike
0-1: Ball
1-1: Foul Ball, location: 2F
1-2: Foul Ball, location: 2F
1-2: Ball
2-2: Strikes out swinging
Batting: RHB Vincent Klein 0-0: Foul Ball, location: 2F
0-1: Ball
1-1: Ball
2-1: Ball
3-1: DOUBLE (Flyball, 78XD)
Rich Flannery scores
Alan Elder scores
Ricardo Pacheco to third
Runner from 3rd tries for Home, SAFE, no throw
Batting: RHB Santo Alba 0-0: Called Strike
0-1: Foul Ball, location: 2F
0-2: Ball
1-2: Ball
2-2: Ball
3-2: Foul Ball, location: 2F
3-2: Base on Balls
Batting: RHB Sean Godron 0-0: Ball
1-0: Ball
2-0: Called Strike
2-1: SINGLE (Line Drive, 56)
Vincent Klein to third
Santo Alba to second
Batting: LHB Bernardo Elías 0-0: Swinging Strike
0-1: Foul Ball, location: 2F
0-2: Strikes out swinging
Top of the 8th over - 3 runs, 4 hits, 0 errors, 3 left on base; Tortolita 6 - Bloomington 0
BOTTOM OF THE 8TH
Bloomington Longnecks batting - Pitching for Tortolita Drummers : RHP Pedro Figueroa
Now at 2B: Miguel Canales
Batting: SHB Chris Williamson 0-0: Called Strike
0-1: Ball
1-1: Ball
2-1: Fly out, F8 (Flyball, 8RM)
Batting: LHB César Gómes 0-0: Called Strike
0-1: Foul Ball, location: 2F
0-2: Ground out 6-3 (Groundball, 6)
Batting: LHB Keith Alexander 0-0: Ball
1-0: Reached on error, E6 (Groundball, 6S)
Batting: RHB Rob Gray 0-0: Ball
1-0: Ball
2-0: Called Strike
2-1: Foul Ball, location: 2F
2-2: Foul Ball, location: 2F
2-2: Ball
3-2: Base on Balls
Keith Alexander to second
Batting: LHB John Schaefer 0-0: 3-RUN HOME RUN (Flyball, 89XD), Distance : 388 ft
Pitching: LHP Ricardo Ruíz
Batting: LHB Calvin Wilms 0-0: Called Strike
0-1: Ball
1-1: Foul Ball, location: 2F
1-2: Strikes out swinging, 2-3 out at first.
Bottom of the 8th over - 3 runs, 1 hit, 1 error, 0 left on base; Tortolita 6 - Bloomington 3
TOP OF THE 9TH
Tortolita Drummers batting - Pitching for Bloomington Longnecks : LHP Anaías Pedroza
Pitching: RHP Vicente Escamilla
Batting: LHB Steve Costillo 0-0: Ball
1-0: Fly out, F4 (Popup, 34D)
Batting: RHB Rich Flannery 0-0: Ball
1-0: Called Strike
1-1: Foul Ball, location: 2F
1-2: Foul Ball, location: 2F
1-2: Strikes out swinging
Batting: RHB Alan Elder 0-0: Ball
1-0: Called Strike
1-1: Foul Ball, location: 2F
1-2: Foul Ball, location: 2F
1-2: Foul Ball, location: 2F
1-2: Foul Ball, location: 2F
1-2: Foul Ball, location: 2F
1-2: Ball
2-2: Foul Ball, location: 2F
2-2: Ball
3-2: SINGLE (Groundball, 56D)
Batting: RHB Ricardo Pacheco 0-0: Ball
1-0: Foul Ball, location: 2F
1-1: Ball
2-1: Ground out U3 (Groundball, 3)
Top of the 9th over - 0 runs, 1 hit, 0 errors, 1 left on base; Tortolita 6 - Bloomington 3
BOTTOM OF THE 9TH
Bloomington Longnecks batting - Pitching for Tortolita Drummers : LHP Ricardo Ruíz
Pitching: RHP Kyle Buckman
Batting: RHB Carlos Cardona 0-0: Called Strike
0-1: Foul Ball, location: 2F
0-2: SOLO HOME RUN (Flyball, 89XD), Distance : 391 ft
Batting: RHB Chet Hollis 0-0: Ball
1-0: Swinging Strike
1-1: Ground out 4-3 (Groundball, 4)
Batting: RHB Ty Struck 0-0: Foul Ball, location: 2F
0-1: Called Strike
0-2: Foul Ball, location: 2F
0-2: Foul Ball, location: 2F
0-2: Foul Ball, location: 2F
0-2: Fly out, F7 (Flyball, 78S)
Batting: SHB Chris Williamson 0-0: Called Strike
0-1: Ball
1-1: Called Strike
1-2: Ground out 4-3 (Groundball, 4)
Bottom of the 9th over - 1 run, 1 hit, 0 errors, 0 left on base; Tortolita 6 - Bloomington 4
Tuesday, June 12th, 2018 - OOTP Baseball 18.8 Build 76